| TOP OF THE 1ST |
|
Detroit Red Wings batting - Pitching for Windy City ThunderBolts : LHP Don Stanford
|
|
Pitching: LHP Don Stanford
|
|
|
Now in LF: Eddie Dimas
|
|
|
Batting: RHB Janne Vihko
|
0-0: Ball 1-0: SINGLE (Groundball, 25, EV 65.6 MPH) (infield hit)
|
|
Batting: RHB Seth Fox
|
0-0: Ball 1-0: Called Strike 1-1: Called Strike 1-2: Foul Ball, location: 2F 1-2: Strikes out swinging Janne Vihko steals 2nd base (no throw) Batter strikes out.
|
|
Batting: RHB Juan Perez
|
0-0: Called Strike 0-1: Ball 1-1: Ball 2-1: Foul Ball, location: 2F 2-2: Ground out 6-3 (Groundball, 6, EV 81.9 MPH) Janne Vihko to third
|
|
Batting: RHB Jorge Lebron
|
0-0: Ball 1-0: Called Strike 1-1: Fly out, F7 (Line Drive, 7, EV 107.5 MPH)
|
| Top of the 1st over - 0 runs, 1 hit, 0 errors, 1 left on base; Detroit 0 - Windy City 0 |
| BOTTOM OF THE 1ST |
|
Windy City ThunderBolts batting - Pitching for Detroit Red Wings : RHP Edwin Marquez
|
|
Pitching: RHP Edwin Marquez
|
|
|
Batting: RHB Enrique Gomez
|
0-0: Called Strike 0-1: Ball 1-1: Fly out, F8 (Flyball, 8LM, EV 76.2 MPH)
|
|
Batting: SHB Noah Long
|
0-0: Swinging Strike 0-1: Foul Ball, location: 2F 0-2: Ball 1-2: Ball 2-2: Fly out, F6 (Line Drive, 56, EV 68.8 MPH)
|
|
Batting: SHB Andres Agudo
|
0-0: Ball 1-0: Foul Ball, location: 2F 1-1: Swinging Strike 1-2: Fly out, F8 (Line Drive, 8RM, EV 88.1 MPH)
|
| Bottom of the 1st over - 0 runs, 0 hits, 0 errors, 0 left on base; Detroit 0 - Windy City 0 |
| TOP OF THE 2ND |
|
Detroit Red Wings batting - Pitching for Windy City ThunderBolts : LHP Don Stanford
|
|
Batting: RHB Yankel Pensak
|
0-0: Ball 1-0: Ball 2-0: SOLO HOME RUN (Flyball, 7LD, EV 96.2 MPH), Distance : 353 ft
|
|
Batting: SHB Eisse Wijnja
|
0-0: Ball 1-0: Called Strike 1-1: Ball 2-1: Ball 3-1: Base on Balls
|
|
Batting: LHB Jamie Christian
|
0-0: Called Strike 0-1: Ball 1-1: Ball 2-1: Called Strike 2-2: Ball 3-2: Foul Ball, location: 2F 3-2: SINGLE (Groundball, 6MD, EV 108.8 MPH) Eisse Wijnja to second
|
|
Batting: LHB Iestyn Peacock
|
0-0: Called Strike 0-1: Foul Ball, location: 2F 0-2: Ball 1-2: Ball 2-2: Foul Ball, location: 2F 2-2: 3-RUN HOME RUN (Flyball, 9D, EV 100.6 MPH), Distance : 380 ft
|
|
Batting: SHB Salvador Lacosta
|
0-0: Ball 1-0: Foul Ball, location: 2F 1-1: Fly out, F5 (Popup, 25, EV 82.5 MPH)
|
|
Batting: RHB Janne Vihko
|
0-0: Ball 1-0: Ball 2-0: Called Strike 2-1: Foul Ball, location: 2F 2-2: Ball 3-2: Base on Balls
|
|
Batting: RHB Seth Fox
|
0-0: Ball Janne Vihko is caught stealing 2nd base 2-4 1-0: Called Strike 1-1: Swinging Strike 1-2: Strikes out swinging
|
| Top of the 2nd over - 4 runs, 3 hits, 0 errors, 0 left on base; Detroit 4 - Windy City 0 |
| BOTTOM OF THE 2ND |
|
Windy City ThunderBolts batting - Pitching for Detroit Red Wings : RHP Edwin Marquez
|
|
Batting: RHB Bill Stern
|
0-0: Foul Ball, location: 2F 0-1: Ball 1-1: Ball 2-1: Called Strike 2-2: Fly out, F2 (Popup, 15S, EV 83.1 MPH)
|
|
Batting: SHB Veit Geisler
|
0-0: Foul Ball, location: 2F 0-1: Ball 1-1: Swinging Strike 1-2: Ball 2-2: Strikes out looking
|
|
Batting: RHB Eddie Dimas
|
0-0: Called Strike 0-1: Ball 1-1: Ball 2-1: Fly out, F9 (Flyball, 89D, EV 96.9 MPH)
|
| Bottom of the 2nd over - 0 runs, 0 hits, 0 errors, 0 left on base; Detroit 4 - Windy City 0 |
| TOP OF THE 3RD |
|
Detroit Red Wings batting - Pitching for Windy City ThunderBolts : LHP Don Stanford
|
|
Batting: RHB Juan Perez
|
0-0: SOLO HOME RUN (Flyball, 7D, EV 94.4 MPH), Distance : 380 ft
|
|
Batting: RHB Jorge Lebron
|
0-0: Ball 1-0: Called Strike 1-1: Foul Ball, location: 2F 1-2: Ball 2-2: Ground out 6-3 (Groundball, 6S, EV 84.4 MPH)
|
|
Batting: RHB Yankel Pensak
|
0-0: Fly out, F7 (Flyball, 7, EV 93.1 MPH)
|
|
Batting: SHB Eisse Wijnja
|
0-0: Called Strike 0-1: Swinging Strike 0-2: Strikes out looking
|
| Top of the 3rd over - 1 run, 1 hit, 0 errors, 0 left on base; Detroit 5 - Windy City 0 |
| BOTTOM OF THE 3RD |
|
Windy City ThunderBolts batting - Pitching for Detroit Red Wings : RHP Edwin Marquez
|
|
Batting: RHB Joe Thomas
|
0-0: Called Strike 0-1: Ball 1-1: Swinging Strike 1-2: Foul Ball, location: 2F 1-2: Ball 2-2: Ball 3-2: Strikes out swinging
|
|
Batting: LHB Jose Pereyra
|
0-0: Swinging Strike 0-1: Swinging Strike 0-2: Strikes out looking
|
|
Batting: RHB David Cortez
|
0-0: Called Strike 0-1: Ball 1-1: Ball 2-1: Ball 3-1: Base on Balls
|
|
Batting: RHB Enrique Gomez
|
0-0: Ball 1-0: Fly out, F8 (Flyball, 8LD, EV 108.1 MPH)
|
| Bottom of the 3rd over - 0 runs, 0 hits, 0 errors, 1 left on base; Detroit 5 - Windy City 0 |
| TOP OF THE 4TH |
|
Detroit Red Wings batting - Pitching for Windy City ThunderBolts : LHP Don Stanford
|
|
Batting: LHB Jamie Christian
|
0-0: Ball 1-0: Swinging Strike 1-1: Foul Ball, location: 2F 1-2: Ball 2-2: Ball 3-2: Foul Ball, location: 2F 3-2: Foul Ball, location: 2F 3-2: Fly out, F9 (Flyball, 89S, EV 93.1 MPH)
|
|
Batting: LHB Iestyn Peacock
|
0-0: Called Strike 0-1: Ball 1-1: Swinging Strike 1-2: Foul Ball, location: 2F 1-2: Strikes out swinging
|
|
Batting: SHB Salvador Lacosta
|
0-0: Called Strike 0-1: Ball 1-1: Swinging Strike 1-2: Foul Ball, location: 2F 1-2: SINGLE (Line Drive, 8LS, EV 104.4 MPH)
|
|
Batting: RHB Janne Vihko
|
0-0: Ball 1-0: Called Strike 1-1: Foul Ball, location: 2F 1-2: Foul Ball, location: 2F 1-2: Foul Ball, location: 2F 1-2: Reached on error, E6 (Groundball, 56, EV 93.8 MPH) Salvador Lacosta to second
|
|
Batting: RHB Seth Fox
|
0-0: Foul Ball, location: 2F 0-1: Ball 1-1: Called Strike 1-2: DOUBLE (Line Drive, 89D, EV 101.2 MPH) Salvador Lacosta scores Janne Vihko to third Runner from 3rd tries for Home, SAFE, throw by CF to trailing runner, SAFE at third!
|
|
Batting: RHB Juan Perez
|
0-0: Ball 1-0: Ground out 5-3 (Groundball, 56, EV 92.5 MPH)
|
| Top of the 4th over - 2 runs, 2 hits, 1 error, 1 left on base; Detroit 7 - Windy City 0 |
| BOTTOM OF THE 4TH |
|
Windy City ThunderBolts batting - Pitching for Detroit Red Wings : RHP Edwin Marquez
|
|
Batting: SHB Noah Long
|
0-0: Called Strike 0-1: DOUBLE (Line Drive, 3D, EV 103.1 MPH)
|
|
Pinch Runner at 2nd Francisco Marin:
|
|
|
Batting: SHB Andres Agudo
|
0-0: Ball 1-0: Called Strike 1-1: Ball 2-1: Called Strike 2-2: Strikes out looking
|
|
Batting: RHB Bill Stern
|
0-0: Ground out U3 (Groundball, 34D, EV 108.8 MPH) Francisco Marin to third
|
|
Batting: SHB Veit Geisler
|
0-0: Ball 1-0: Foul Ball, location: 2F 1-1: Ball 2-1: Foul Ball, location: 2F 2-2: Ball 3-2: Foul Ball, location: 2F 3-2: Base on Balls
|
|
Batting: RHB Eddie Dimas
|
0-0: Ball 1-0: Fly out, F8 (Flyball, 89M, EV 91.2 MPH)
|
| Bottom of the 4th over - 0 runs, 1 hit, 0 errors, 2 left on base; Detroit 7 - Windy City 0 |
| TOP OF THE 5TH |
|
Detroit Red Wings batting - Pitching for Windy City ThunderBolts : LHP Don Stanford
|
|
Batting: RHB Jorge Lebron
|
0-0: Called Strike 0-1: Called Strike 0-2: Ball 1-2: Ball 2-2: Foul Ball, location: 2F 2-2: Strikes out looking
|
|
Batting: RHB Yankel Pensak
|
0-0: SINGLE (Line Drive, 4MD, EV 105.6 MPH)
|
|
Batting: SHB Eisse Wijnja
|
0-0: Ball Yankel Pensak steals 2nd base 1-0: Called Strike 1-1: Ball 2-1: Hit by Pitch
|
|
Batting: LHB Jamie Christian
|
0-0: Foul Ball, location: 2F 0-1: Called Strike 0-2: Ball 1-2: 3-RUN HOME RUN (Flyball, 9LD, EV 93.1 MPH), Distance : 354 ft
|
|
Pitching: LHP Humberto Carrera
|
|
|
Batting: LHB Iestyn Peacock
|
0-0: Called Strike 0-1: Called Strike 0-2: Fly out, F7 (Line Drive, 7S, EV 90.6 MPH)
|
|
Batting: SHB Salvador Lacosta
|
0-0: Foul Ball, location: 2F 0-1: Swinging Strike 0-2: Strikes out swinging
|
| Top of the 5th over - 3 runs, 2 hits, 0 errors, 0 left on base; Detroit 10 - Windy City 0 |
| BOTTOM OF THE 5TH |
|
Windy City ThunderBolts batting - Pitching for Detroit Red Wings : RHP Edwin Marquez
|
|
Batting: RHB Joe Thomas
|
0-0: Foul Ball, location: 2F 0-1: Foul Ball, location: 2F 0-2: Ground out 4-3 (Groundball, 4M, EV 106.2 MPH)
|
|
Batting: LHB Jose Pereyra
|
0-0: Called Strike 0-1: Ball 1-1: Foul Ball, location: 2F 1-2: Ball 2-2: Foul Ball, location: 2F 2-2: Strikes out swinging
|
|
Batting: RHB David Cortez
|
0-0: Ball 1-0: Ball 2-0: Ball 3-0: Ground out 6-3 (Groundball, 6MD, EV 111.9 MPH)
|
| Bottom of the 5th over - 0 runs, 0 hits, 0 errors, 0 left on base; Detroit 10 - Windy City 0 |
| TOP OF THE 6TH |
|
Detroit Red Wings batting - Pitching for Windy City ThunderBolts : LHP Humberto Carrera
|
|
Batting: RHB Janne Vihko
|
0-0: Called Strike 0-1: Ball 1-1: Called Strike 1-2: Foul Ball, location: 2F 1-2: Strikes out swinging
|
|
Batting: RHB Seth Fox
|
0-0: Called Strike 0-1: Swinging Strike 0-2: Strikes out looking
|
|
Batting: RHB Juan Perez
|
0-0: Called Strike 0-1: Ball 1-1: Ball 2-1: Foul Ball, location: 2F 2-2: Ball 3-2: Base on Balls
|
|
Batting: RHB Jorge Lebron
|
0-0: Ball 1-0: Ball 2-0: Foul Ball, location: 2F 2-1: Called Strike 2-2: Strikes out swinging
|
| Top of the 6th over - 0 runs, 0 hits, 0 errors, 1 left on base; Detroit 10 - Windy City 0 |
| BOTTOM OF THE 6TH |
|
Windy City ThunderBolts batting - Pitching for Detroit Red Wings : RHP Edwin Marquez
|
|
Batting: RHB Enrique Gomez
|
0-0: Called Strike 0-1: SINGLE (Groundball, 6MD, EV 99.4 MPH)
|
|
Pitching: RHP Mike Valdivia
|
|
|
Batting: RHB Francisco Marin
|
0-0: Swinging Strike 0-1: Foul Ball, location: 2F 0-2: Strikes out swinging
|
|
Batting: SHB Andres Agudo
|
0-0: Ball Enrique Gomez steals 2nd, throwing error, E2 Enrique Gomez to third 1-0: Ball 2-0: Called Strike 2-1: Ball 3-1: Called Strike 3-2: Fly out, F7 (Flyball, 78S, EV 81.9 MPH)
|
|
Batting: RHB Bill Stern
|
0-0: Ball 1-0: Fly out, F9 (Flyball, 89M, EV 92.5 MPH)
|
| Bottom of the 6th over - 0 runs, 1 hit, 1 error, 1 left on base; Detroit 10 - Windy City 0 |
| TOP OF THE 7TH |
|
Detroit Red Wings batting - Pitching for Windy City ThunderBolts : LHP Humberto Carrera
|
|
Pitching: LHP Keith O'Brien
|
|
|
Batting: RHB Yankel Pensak
|
0-0: Ground out 6-3 (Groundball, 6, EV 91.2 MPH)
|
|
Batting: SHB Eisse Wijnja
|
0-0: Foul Ball, location: 2F 0-1: Ball 1-1: Foul Ball, location: 2F 1-2: SINGLE (Flyball, 34D, EV 85.6 MPH)
|
|
Batting: LHB Jamie Christian
|
0-0: Ball 1-0: Ball 2-0: Ball 3-0: Called Strike 3-1: Called Strike 3-2: Strikes out looking
|
|
Batting: LHB Iestyn Peacock
|
0-0: Fly out, F7 (Flyball, 78D, EV 90.0 MPH)
|
| Top of the 7th over - 0 runs, 1 hit, 0 errors, 1 left on base; Detroit 10 - Windy City 0 |
| BOTTOM OF THE 7TH |
|
Windy City ThunderBolts batting - Pitching for Detroit Red Wings : RHP Mike Valdivia
|
|
Batting: SHB Veit Geisler
|
0-0: Fly out, F9 (Flyball, 89M, EV 76.9 MPH)
|
|
Batting: RHB Eddie Dimas
|
0-0: Swinging Strike 0-1: Foul Ball, location: 2F 0-2: Foul Ball, location: 2F 0-2: Ball 1-2: Ball 2-2: Foul Ball, location: 2F 2-2: Strikes out looking
|
|
Batting: RHB Joe Thomas
|
0-0: SINGLE (Flyball, 5D, EV 89.4 MPH)
|
|
Batting: LHB Jose Pereyra
|
0-0: Foul Ball, location: 2F 0-1: Called Strike Joe Thomas steals 2nd base (no throw) 0-2: Ball 1-2: Ball 2-2: Ground out 6-3 (Groundball, 6, EV 92.5 MPH)
|
| Bottom of the 7th over - 0 runs, 1 hit, 0 errors, 1 left on base; Detroit 10 - Windy City 0 |
| TOP OF THE 8TH |
|
Detroit Red Wings batting - Pitching for Windy City ThunderBolts : LHP Keith O'Brien
|
|
Batting: SHB Salvador Lacosta
|
0-0: Ball 1-0: Ball 2-0: Called Strike 2-1: Fly out, F5 (Line Drive, 5, EV 72.5 MPH)
|
|
Pinch Hitting: RHB Cody Kafer
|
0-0: Ball 1-0: Ball 2-0: Ball 3-0: Base on Balls
|
|
Pitching: RHP Nate Myers
|
|
|
Batting: RHB Seth Fox
|
0-0: Ball 1-0: Called Strike 1-1: Ball 2-1: Ball 3-1: Foul Ball, location: 2F 3-2: Base on Balls Cody Kafer to second
|
|
Batting: RHB Juan Perez
|
0-0: Called Strike 0-1: Ball 1-1: Ball 2-1: SINGLE (Groundball, 56D, EV 107.5 MPH) Cody Kafer to third Seth Fox to second Runner from 3rd tries for Home, SAFE, throw by LF to home
|
|
Batting: RHB Jorge Lebron
|
0-0: Ball 1-0: Ball 2-0: Swinging Strike 2-1: Ball 3-1: Called Strike 3-2: Base on Balls Seth Fox to third Juan Perez to second
|
|
Batting: RHB Yankel Pensak
|
0-0: Called Strike 0-1: Foul Ball, location: 2F 0-2: Strikes out looking
|
|
Batting: SHB Eisse Wijnja
|
0-0: Called Strike 0-1: Ball 1-1: Ball 2-1: GRAND SLAM HOME RUN (Flyball, 9LD, EV 96.9 MPH), Distance : 351 ft
|
|
Batting: LHB Jamie Christian
|
0-0: Called Strike 0-1: Called Strike 0-2: Foul Ball, location: 2F 0-2: Ball 1-2: Ball 2-2: SINGLE (Line Drive, 8RS, EV 104.4 MPH)
|
|
Pitching: RHP Brad Adams Jr.
|
|
|
Batting: LHB Iestyn Peacock
|
0-0: Called Strike 0-1: Swinging Strike 0-2: Strikes out looking
|
| Top of the 8th over - 5 runs, 3 hits, 0 errors, 1 left on base; Detroit 15 - Windy City 0 |
| BOTTOM OF THE 8TH |
|
Windy City ThunderBolts batting - Pitching for Detroit Red Wings : RHP Mike Valdivia
|
|
Now in CF: Cody Kafer
|
|
|
Batting: RHB David Cortez
|
0-0: Ground out 5-3 (Groundball, 5S, EV 76.9 MPH)
|
|
Batting: RHB Enrique Gomez
|
0-0: Ball 1-0: Ground out 4-3 (Groundball, 4, EV 108.1 MPH)
|
|
Batting: RHB Francisco Marin
|
0-0: Ball 1-0: Ball 2-0: Fly out, F8 (Flyball, 8LM, EV 92.5 MPH)
|
| Bottom of the 8th over - 0 runs, 0 hits, 0 errors, 0 left on base; Detroit 15 - Windy City 0 |
| TOP OF THE 9TH |
|
Detroit Red Wings batting - Pitching for Windy City ThunderBolts : RHP Brad Adams Jr.
|
|
Batting: SHB Salvador Lacosta
|
0-0: Foul Ball, location: 2F 0-1: Ball 1-1: Foul Ball, location: 2F 1-2: Ball 2-2: Ground out 6-3 (Groundball, 6S, EV 85.6 MPH)
|
|
Pinch Hitting: SHB Isaiah Bias
|
0-0: Ball 1-0: Fly out, F8 (Flyball, 78M, EV 90.6 MPH)
|
|
Batting: RHB Seth Fox
|
0-0: Ball 1-0: Swinging Strike 1-1: Ball 2-1: Foul Ball, location: 2F 2-2: Reached on error, E6 (Groundball, 6, EV 102.5 MPH)
|
|
Batting: RHB Juan Perez
|
0-0: SINGLE (Line Drive, 8RS, EV 110.0 MPH) Seth Fox to second
|
|
Batting: RHB Jorge Lebron
|
0-0: Ball 1-0: Ball 2-0: Ball 3-0: Base on Balls Seth Fox to third Juan Perez to second
|
|
Batting: RHB Yankel Pensak
|
0-0: Called Strike 0-1: SINGLE (Line Drive, 34D, EV 97.5 MPH) Seth Fox scores Juan Perez to third Jorge Lebron to second
|
|
Batting: SHB Eisse Wijnja
|
0-0: SINGLE (Groundball, 34D, EV 105.6 MPH) Juan Perez scores Jorge Lebron to third Yankel Pensak to second Runner from 3rd tries for Home, SAFE, throw by RF to home
|
|
Batting: LHB Jamie Christian
|
0-0: Ball 1-0: Ball 2-0: Called Strike 2-1: Foul Ball, location: 2F 2-2: Strikes out swinging
|
| Top of the 9th over - 3 runs, 3 hits, 1 error, 2 left on base; Detroit 18 - Windy City 0 |
| BOTTOM OF THE 9TH |
|
Windy City ThunderBolts batting - Pitching for Detroit Red Wings : RHP Mike Valdivia
|
|
Now in LF: Yuusou Honda
|
|
|
Now in CF: Seth Fox
|
|
|
Now in RF: Iestyn Peacock
|
|
|
Batting: SHB Andres Agudo
|
0-0: Called Strike 0-1: Ball 1-1: Swinging Strike 1-2: Strikes out swinging
|
|
Batting: RHB Bill Stern
|
0-0: Called Strike 0-1: Ball 1-1: Ball 2-1: Foul Ball, location: 2F 2-2: Ball 3-2: Base on Balls
|
|
Pitching: RHP Efrain Diaz
|
|
|
Batting: SHB Veit Geisler
|
0-0: Swinging Strike 0-1: Ball 1-1: Foul Ball, location: 2F 1-2: Ball 2-2: Foul Ball, location: 2F 2-2: Foul Ball, location: 2F 2-2: Strikes out swinging
|
|
Batting: RHB Eddie Dimas
|
0-0: Ball 1-0: Ball 2-0: Ball 3-0: Called Strike 3-1: Foul Ball, location: 2F 3-2: Foul Ball, location: 2F 3-2: Base on Balls Bill Stern to second
|
|
Batting: RHB Joe Thomas
|
0-0: Called Strike 0-1: Fly out, F7 (Flyball, 7S, EV 82.5 MPH)
|
| Bottom of the 9th over - 0 runs, 0 hits, 0 errors, 2 left on base; Detroit 18 - Windy City 0 |
|